 Dungeon Crawl Stone Soup version 0.29-a0-559-g359e09b9d1 (webtiles) character file.

Game seed: 2477060535028722837

54443 dolemite99 the Cleaver (level 14, -7/115 (126) HPs)
             Began as a Hill Orc Necromancer on June 10, 2022.
             Was a High Priest of Sif Muna.
             Mangled by a white ugly thing (25 damage)
             ... on level 12 of the Dungeon.
             The game lasted 00:45:50 (30655 turns).

dolemite99 the Cleaver (Hill Orc Necromancer)      Turns: 30655, Time: 00:45:51

HP:   -7/115 (126)  AC: 19    Str: 12    XL:     14   Next: 72%
MP:   7/32          EV: 11    Int: 19    God:    Sif Muna [*****.]
Gold: 863           SH:  5    Dex: 13    Spells: 14/25 levels left

rFire   . . .      SeeInvis .   a - +10 war axe of the Pit {drain, Dex+2}
rCold   . . .      Faith    +   D - +0 buckler
rNeg    . . .      Spirit   .   G - +0 acid dragon scales
rPois   .          Reflect  .   (no helmet)
rElec   .          Harm     .   x - +1 cloak
rCorr   +          Rampage  .   l - +2 pair of gloves
Will    +....                   V - +0 pair of boots
Stlth   +.........              r - amulet of faith
HPRegen 0.29/turn               f - ring of magical power
MPRegen 0.23/turn               e - +4 ring of protection {=R}

@: animating dead (expiring), drained
A: no striking features
a: Renounce Religion, Convert to Beogh, Channel Magic, Forget Spell, Divine
Exegesis


You were on level 12 of the Dungeon.
You worshipped Sif Muna.
Sif Muna was extremely pleased with you.
You visited 2 branches of the dungeon, and saw 18 of its levels.

You collected 1177 gold pieces.
You spent 314 gold pieces at shops.

Inventory:

Hand Weapons
 a - the +10 war axe of the Pit (weapon) {drain, Dex+2}
   (You bought it in a shop on level 3 of the Dungeon)

   A truly terrible weapon, it drains the life of any living foe it strikes.
   Dex:       It affects your dexterity (+2).
 b - the +11 hunting sling of Jickotz {speed, *Corrode Drain rPois rN+++}
   (You bought it in a shop on level 3 of the Dungeon)

   Attacks with this weapon are significantly faster.
   rPois:     It protects you from poison.
   rN:        It renders you almost immune to negative energy.
   *Corrode:  It may corrode you when you take damage.
   Drain:     It drains your maximum health when unequipped.
 P - the +4 war axe of the Mashing Gods {vorpal, Drain rElec rC- SInv}
   (You found it on level 1 of the Lair of Beasts)

   It inflicts extra damage upon your enemies.
   rC:        It makes you vulnerable to cold.
   rElec:     It insulates you from electricity.
   SInv:      It lets you see invisible.
   Drain:     It drains your maximum health when unequipped.
Missiles
 c - 647 stones
 g - 11 poisoned darts
 o - 3 boomerangs (quivered)
 t - 3 silver javelins
 v - 4 javelins
 Y - 5 curare-tipped darts
Armour
 j - the +3 pair of seven-league boots {Rampage+∞}
   (You found it on level 6 of the Lair of Beasts)

   Its wearer moves as far as possible in that direction when moving towards
   enemies.
 l - a +2 pair of gloves (worn)
 x - a +1 cloak (worn)
 D - a +0 buckler (worn)
 G - +0 acid dragon scales (worn)
 V - a +0 pair of boots (worn)
Magical Staves
 m - a staff of cold
 u - a staff of poison
 E - a staff of air
 S - a staff of conjuration
Jewellery
 e - a +4 ring of protection (right hand) {=R}
 f - a ring of magical power (left hand)
 h - a +4 ring of evasion
 n - a ring of poison resistance
 r - an amulet of faith (around neck)
 A - a +4 ring of protection
 I - a ring of protection from fire
 J - a +6 ring of intelligence
 R - an amulet of reflection
Wands
 q - a wand of digging (4)
 N - a wand of paralysis (6)
 X - a wand of flame (8)
Scrolls
 i - 12 scrolls of teleportation
 k - a scroll of amnesia
 y - a scroll of silence
 B - 3 scrolls of identify {@r1}
 C - 4 scrolls of torment
 F - 2 scrolls of brand weapon
 K - 3 scrolls of magic mapping
 W - 2 scrolls of poison
 Z - a scroll of noise
Potions
 d - a potion of degeneration
 p - 7 potions of brilliance
 s - 2 potions of heal wounds
 w - 2 potions of lignification
 z - a potion of resistance
 L - 3 potions of flight
 M - 2 potions of curing
 T - 3 potions of attraction
Miscellaneous
 H - a box of beasts (inert)


   Skills:
 + Level 12.0 Fighting
 - Level 14.8 Axes
 - Level 8.7 Slings
 - Level 8.4 Armour
 - Level 1.5 Dodging
 - Level 1.5 Stealth
 - Level 4.3 Shields
 - Level 6.0 Spellcasting
 - Level 9.1 Necromancy
 - Level 9.6 Invocations
 - Level 9.3 Evocations


You had 14 spell levels left.
You knew the following spells:

 Your Spells              Type           Power      Damage    Failure   Level
b - Vampiric Draining     Necr           40%        2d8       1%          3
c - Animate Dead          Necr           40%        N/A       4%          4
d - Dispel Undead         Necr           40%        3d16      4%          4

Your spell library contained the following spells:

 Spells                   Type           Power      Damage    Failure   Level
 Necrotize                Necr           100%       1d9       1%          1
 Sublimation of Blood     Necr           40%        N/A       1%          2
 Agony                    Necr           40%        N/A       13%         5
 Apportation              Tloc           10%        N/A       21%         1
 Foxfire                  Conj/Fire      20%        2x1d5     21%         1
 Shock                    Conj/Air       20%        1d4       21%         1
 Sting                    Tmut/Pois      20%        1d4       21%         1
 Summon Small Mammal      Summ           20%        N/A       21%         1
 Ensorcelled Hibernation  Hex/Ice        10%        N/A       30%         2
 Passwall                 Tmut/Erth      4%         N/A       30%         2
 Poisonous Vapours        Pois/Air       10%        N/A       30%         2
 Scorch                   Fire           10%        2d5       30%         2
 Searing Ray              Conj           10%        2d4       30%         2
 Anguish                  Hex/Necr       11%        N/A       30%         4
 Frozen Ramparts          Ice            10%        1d3       52%         3
 Ignite Poison            Fire/Tmut/Pois 5%         N/A       52%         3
 Lesser Beckoning         Tloc           5%         N/A       52%         3
 Mephitic Cloud           Conj/Pois/Air  5%         N/A       52%         3
 Spider Form              Tmut/Pois      5%         N/A       52%         3
 Swiftness                Air            5%         N/A       52%         3
 Corpse Rot               Necr/Pois/Air  17%        N/A       52%         4
 Death Channel            Necr           20%        N/A       58%         6
 Airstrike                Air            2%         N/A       90%         4
 Hailstorm                Conj/Ice       5%         3d4       90%         4
 Ice Form                 Ice/Tmut       5%         N/A       90%         4
 Iskenderun's Mystic Bla  Conj/Tloc      5%         2d3       90%         4
 Olgreb's Toxic Radiance  Pois           5%         N/A       90%         4
 Petrify                  Tmut/Erth      5%         N/A       90%         4
 Alistair's Intoxication  Tmut/Pois      3%         N/A       99%         5
 Fireball                 Conj/Fire      2%         3d4       99%         5
 Freezing Cloud           Conj/Ice/Air   2%         6-21      99%         5
 Irradiate                Conj/Tmut      2%         3d14      99%         5
 Lightning Bolt           Conj/Air       2%         1d14      99%         5
 Summon Forest            Summ/Tloc      2%         N/A       99%         5
 Summon Mana Viper        Hex/Summ       5%         N/A       99%         5
 Simulacrum               Ice/Necr       11%        N/A       99%         6
 Dispersal                Tloc           2%         N/A       100%        6
 Iron Shot                Conj/Erth      2%         9d2       100%        6
 Summon Cactus Giant      Summ           2%         N/A       100%        6
 Enfeeble                 Hex            2%         N/A       100%        7
 Malign Gateway           Summ/Tloc      2%         N/A       100%        7
 Ignition                 Fire           2%         3d3       100%        8
 Lehudib's Crystal Spear  Conj/Erth      2%         10d2      100%        8


Dungeon Overview and Level Annotations

Branches:
Dungeon (12/15)            Temple (0/1) D:4            Lair (6/6) D:9
 Shoals (0/4) Lair:4       Spider (0/4) Lair:2        Slime (0/5) Lair:5
    Orc: D:9-12

Altars:
Fedhas
Sif Muna
Wu Jian
Xom

Shops:
D:3 (   D:6 =

Annotations:
D:2 1 runed translucent door, Crazy Yiuf
Lair:1 exclusion: 2 oklob plants


Message History

Sif Muna accepts your kill.
You feel life coursing into your body.
The dead are walking!
You block the white ugly thing's attack.
Your komodo dragon zombie completely misses the white ugly thing.
Your orc priest zombie barely misses the white ugly thing.
You are too injured to fight recklessly!
You are too injured to fight recklessly!
You are too injured to fight recklessly!
Unknown command.
Casting: Vampiric Draining (safe; 1% risk of failure)
Confirm with . or Enter, or press ? or * to list all spells.
Aiming: Vampiric Draining (safe; 1% risk of failure)
Press: ? - help, Shift-Dir - straight line, f - white ugly thing
Aim: a white ugly thing (moderately wounded, ally target)
You draw life force from the white ugly thing!
You feel life coursing into your body.
The white ugly thing completely misses you.
Your komodo dragon zombie bites the white ugly thing.
Casting: Vampiric Draining (safe; 1% risk of failure)
Confirm with . or Enter, or press ? or * to list all spells.
Aiming: Vampiric Draining (safe; 1% risk of failure)
Press: ? - help, Shift-Dir - straight line, f/p - white ugly thing
Aim: a white ugly thing (heavily wounded, ally target)
You draw life force from the white ugly thing!
You feel life coursing into your body. The white ugly thing engulfs you!
The white ugly thing freezes you!
* * * LOW HITPOINT WARNING * * *
Your orc priest zombie barely misses the white ugly thing.
Your komodo dragon zombie bites the white ugly thing!
The slime creature hits you.
* * * LOW HITPOINT WARNING * * *
The orc priest shouts, "Beogh is our master!
Accept the truth or die!"
You hit the white ugly thing.
The white ugly thing is severely wounded.
You slash the slime creature! You drain the slime creature.
Your reaping aura is weakening.
The white ugly thing engulfs you.
* * * LOW HITPOINT WARNING * * *
The white ugly thing freezes you!!
You die...

#. .. .# .#
########.######
#..............
#.............#
#?..).Z@##..
#.....uJ##..
#.....ZZo..... ...#
#...##..JJ.... ...#
##...##........ ...#
###.............. ...#
#................ ...#
#.##...)....)....
...####.##.............


You could see a white ugly thing (ally target), 3 slime creatures, an orc
priest, a friendly komodo dragon zombie and 2 friendly orc priest zombies.

Vanquished Creatures
  A dire elephant (Lair:6)
  2 hydras (Lair:6)
  A boulder beetle (Lair:6)
  Erolcha (D:9)
  A catoblepas (Lair:6)
  3 two-headed ogres
  Erica (D:10)
  8 death yaks
  Urug (D:10)
  A deep troll shaman (Lair:6)
  Sonja (Lair:2)
  Pikel (D:6)
  A deep elf pyromancer (D:12)
  An ugly thing (D:12)
  2 manticores
  A cyclops (D:12)
  Maurice (D:8)
  Joseph (D:9)
  3 black mambas
  2 elephants (Lair:6)
  6 cane toads
  4 rime drakes
  Maggie (D:6)
  10 komodo dragons
  A kobold demonologist (D:10)
  3 polar bears
  5 trolls
  17 blink frogs
  A slime creature (D:12)
  Prince Ribbit (D:9)
  8 dream sheep (Lair:6)
  A wyvern (D:9)
  2 basilisks (Lair:6)
  53 yaks
  3 steam dragons
  3 vampire mosquitoes
  An acid dragon (D:8)
  19 water moccasins
  2 orc warriors (D:12)
  2 swamp drakes
  3 black bears
  4 ice beasts
  A sky beast (D:6)
  20 wolves
  8 centaurs
  2 kobold brigands
  12 bullfrogs
  A necrophage (D:7)
  A gnoll sergeant (D:11)
  2 scorpions
  6 wights
  19 killer bees
  6 howler monkeys
  A jelly (D:8)
  2 hounds
  4 orc priests
  4 iguanas
  5 orc wizards
  9 gnolls
  10 adders
  A shadow imp (D:7)
  2 white imps
  3 worms
  A dart slug (D:1)
  19 orcs
  9 endoplasms
  2 giant cockroaches
  6 goblins
  6 hobgoblins
  14 kobolds
  3 quokkas
  5 ball pythons
  2 bats
  4 frilled lizards (D:2)
  4 rats
378 creatures vanquished.

Vanquished Creatures (collateral kills)
  A hydra (Lair:6)
  A two-headed ogre (D:12)
  2 elephants (Lair:6)
  2 cane toads
  A troll (D:12)
  5 blink frogs
  A dream sheep (Lair:6)
  A wraith (D:11)
  15 yaks
  A vampire mosquito (Lair:6)
  2 water moccasins
  A swamp drake (Lair:6)
  3 black bears
  7 wolves
  A centaur (D:11)
  4 bullfrogs
  A wight (D:8)
  4 killer bees
  A jelly (D:5)
  An iguana (D:5)
  An adder (D:5)
  2 ufetubi (D:5)
  4 orcs
  A bat (D:1)
  An orc zombie (D:12)
  2 rats
66 creatures vanquished.

Vanquished Creatures (others)
  A death yak zombie (Lair:4)
  A black mamba zombie (Lair:6)
  A two-headed ogre zombie (D:9)
  A water moccasin (Lair:6)
  A blink frog zombie (Lair:6)
  A komodo dragon zombie (Lair:6)
  2 water moccasin zombies
  2 yak zombies (Lair:4)
  4 wolf zombies
  A bullfrog zombie (Lair:2)
  A centaur zombie (D:11)
  A basilisk zombie (Lair:6)
  A killer bee zombie (D:9)
  A howler monkey zombie (D:6)
  A gnoll (D:11)
  A gnoll zombie (D:6)
  2 kobold zombies (D:6)
  7 orc zombies (D:12)
  29 fungi
  30 plants
89 creatures vanquished.

Grand Total: 533 creatures vanquished

Notes
Turn   | Place    | Note
-------+----------+-------------------------------------------
     0 | D:1      | dolemite99 the Hill Orc Necromancer began the quest for the
                  | Orb.
     0 | D:1      | Reached XP level 1. HP: 14/14 MP: 3/3
   193 | D:1      | Reached XP level 2. HP: 20/20 MP: 2/4
   617 | D:1      | Found a faded altar of an unknown god.
   621 | D:1      | Prayed at the altar of an unknown god.
   621 | D:1      | Became a worshipper of Sif Muna the Loreminder
   621 | D:1      | Reached * piety under Sif Muna
   809 | D:1      | You fall into a shaft and drop 1 floor!
  1365 | D:2      | Found a runed translucent door.
  1366 | D:2      | Noticed Crazy Yiuf
  1482 | D:2      | Reached XP level 3. HP: 18/26 MP: 3/5
  1544 | D:2      | Reached skill level 5 in Necromancy
  2085 | D:2      | Learned a level 3 spell: Vampiric Draining
  2429 | D:2      | Found a shimmering altar of Xom.
  2445 | D:2      | Reached XP level 4. HP: 18/33 MP: 0/6
  3216 | D:2      | Reached ** piety under Sif Muna
  4466 | D:3      | Found Laurir's Antique Weapon Shop.
  4609 | D:4      | Reached XP level 5. HP: 38/38 MP: 4/8
  5297 | D:4      | Found a staircase to the Ecumenical Temple.
  5523 | D:4      | Noticed a black bear
  5535 | D:4      | Killed a black bear
  5536 | D:4      | Reached XP level 6. HP: 44/45 MP: 1/10
  5702 | D:4      | Learned a level 4 spell: Animate Dead
  5879 | D:5      | Entered Level 5 of the Dungeon
  5964 | D:5      | Noticed a water moccasin
  5978 | D:5      | Killed a water moccasin
  5979 | D:5      | Reached XP level 7. HP: 22/50 MP: 0/12
  7728 | D:5      | Reached XP level 8. HP: 52/57 MP: 14/14
  7994 | D:5      | Reached skill level 5 in Spellcasting
  9003 | D:6      | Reached *** piety under Sif Muna
  9654 | D:6      | Reached XP level 9. HP: 62/62 MP: 17/17
  9864 | D:3      | Bought a masterwork war axe for 178 gold pieces
  9864 | D:3      | Identified the +10 war axe of the Pit {drain, Dex+2} (You
                  | bought it in a shop on level 3 of the Dungeon)
 10105 | D:6      | Reached skill level 2 in Axes
 10107 | D:6      | Reached skill level 3 in Axes
 10113 | D:6      | Noticed Maggie
 10120 | D:6      | Killed Maggie
 10121 | D:6      | Reached skill level 5 in Axes
 10574 | D:6      | Noticed Pikel
 10591 | D:6      | Killed Pikel
 10592 | D:6      | Reached skill level 7 in Axes
 10672 | D:6      | Reached skill level 8 in Axes
 10850 | D:6      | Found Sirchiad's Jewellery Shop.
 11384 | D:7      | Reached skill level 9 in Axes
 11729 | D:7      | Reached **** piety under Sif Muna
 12190 | D:7      | Reached skill level 10 in Axes
 12747 | D:8      | Reached skill level 1 in Shields
 12747 | D:8      | Reached XP level 10. HP: 47/69 MP: 19/19
 12925 | D:8      | Noticed Maurice
 12946 | D:8      | Reached skill level 1 in Fighting
 12973 | D:8      | Identified the +0 robe of the Equinox {Regen+ Int-2 Dex+7}
 13766 | D:8      | Learned a level 1 spell: Necrotize
 13994 | D:8      | Killed Maurice
 13995 | D:8      | Reached skill level 5 in Fighting
 14280 | D:3      | Bought a crystal hunting sling for 136 gold pieces
 14280 | D:3      | Identified the +11 hunting sling of Jickotz {speed,
                  | *Corrode Drain rPois rN+++} (You bought it in a shop on
                  | level 3 of the Dungeon)
 14667 | D:8      | Reached skill level 1 in Slings
 14893 | D:9      | Noticed Prince Ribbit
 14907 | D:9      | Killed Prince Ribbit
 15093 | D:9      | Noticed Erolcha
 15095 | D:9      | Noticed a two-headed ogre
 15146 | D:9      | Killed a two-headed ogre
 15226 | D:9      | Killed Erolcha
 15227 | D:9      | Reached skill level 5 in Slings
 15227 | D:9      | Reached XP level 11. HP: 58/89 MP: 19/20
 15970 | D:9      | Reached ***** piety under Sif Muna
 16213 | D:9      | Noticed Joseph
 16234 | D:9      | Killed Joseph
 16547 | D:9      | Found a staircase to the Lair.
 16765 | D:10     | Entered Level 10 of the Dungeon
 16765 | D:10     | Noticed a manticore
 16775 | D:10     | Killed a manticore
 17154 | D:10     | Found an ornate altar of the Wu Jian Council.
 17161 | D:10     | Learned a level 4 spell: Dispel Undead
 17201 | D:10     | Identified the +1 plate armour "Dysan" {rF++ rN+ Regen+
                  | Dex+2}
 17371 | D:10     | Noticed Erica
 17934 | D:10     | Killed Erica
 18392 | D:10     | Noticed Urug
 18406 | D:10     | Killed Urug
 19133 | D:10     | Reached skill level 11 in Axes
 19328 | D:11     | Noticed a two-headed ogre
 19618 | D:11     | Noticed a two-headed ogre
 19629 | D:11     | Killed a two-headed ogre
 19630 | D:11     | Reached skill level 12 in Axes
 19692 | D:11     | Killed a two-headed ogre
 19693 | D:11     | Reached XP level 12. HP: 68/106 MP: 15/21
 20291 | Lair:1   | Entered Level 1 of the Lair of Beasts
 20297 | Lair:1   | Reached skill level 13 in Axes
 20426 | Lair:1   | Reached skill level 14 in Axes
 20524 | Lair:1   | Identified the +4 war axe of the Mashing Gods {vorpal,
                  | Drain rElec rC- SInv}
 20699 | Lair:1   | Received a gift from Sif Muna
 20919 | Lair:1   | Reached skill level 1 in Invocations
 21216 | Lair:1   | Found a blossoming altar of Fedhas.
 21961 | Lair:2   | Reached skill level 5 in Invocations
 22364 | Lair:2   | Found a hole to the Spider Nest.
 22642 | Lair:2   | Noticed Sonja
 22652 | Lair:2   | Received a gift from Sif Muna
 22653 | Lair:2   | Reached skill level 1 in Evocations
 22659 | Lair:2   | Got Sif Muna's Compendium of Poisoning and Conjuration {god
                  | gift}
 22945 | Lair:2   | Killed Sonja
 22946 | Lair:2   | Reached XP level 13. HP: 112/112 MP: 22/22
 23279 | Lair:3   | Reached skill level 5 in Evocations
 23996 | Lair:3   | You fall into a shaft and drop 3 floors!
 23996 | Lair:6   | Entered Level 6 of the Lair of Beasts
 24857 | Lair:6   | Reached skill level 1 in Armour
 24879 | Lair:6   | Found the +3 pair of seven-league boots {Rampage+∞}
 25136 | Lair:5   | Reached skill level 5 in Armour
 25216 | Lair:5   | Received a gift from Sif Muna
 25219 | Lair:5   | Got Koidi's Papyrus of Damaging Cold {god gift}
 25511 | Lair:4   | Found a staircase to the Shoals.
 26272 | Lair:5   | Found a staircase to the Slime Pits.
 26487 | Lair:4   | Reached XP level 14. HP: 117/119 MP: 22/23
 26785 | Lair:4   | Reached skill level 10 in Fighting
 29650 | Lair:6   | Noticed a dire elephant
 29682 | Lair:6   | Received a gift from Sif Muna
 29686 | Lair:6   | Killed a dire elephant
 29690 | Lair:6   | Got Sif Muna's Guide on Displacement and Heat {god gift}
 30655 | D:12     | Mangled by a white ugly thing

Illustrated notes

Levels and vault maps discovered:
D:1:      grunt_arrival_crossed_arrows, layout_basic,
          ebering_ecumenical_altar_rust
D:2:      layout_basic, basic_altar, minmay_diced_spiral,
          uniq_crazy_yiuf_cottage
D:3:      layout_basic, serial_shops, nicolae_shop_advertising_works
          [nicolae_subvault_shop_adworks], serial_park_tiny_pond
D:4:      layout_layer_cave, minmay_temple_entry_mini_moons,
          hangedman_decor_push
D:5:      kennysheep_six_static_rooms, layout_basic
D:6:      layout_loops_ring, serial_rivers, chequers_serial_rivers_marsh,
          chequers_serial_rivers_large_b, chequers_serial_rivers_micro_c,
          chequers_serial_rivers_micro_a, serial_shops,
          nicolae_shop_temple_entry_statues_fountains, uniq_maggie, uniq_pikel
D:7:      layout_gridville
D:8:      layout_basic, uniq_maurice
D:9:      layout_basic, lair_entry_dummy, uniq_prince_ribbit1, uniq_erolcha,
          uniq_joseph
D:10:     layout_roguey, pdpol_wu_jian_five_deadly_venoms, uniq_urug, uniq_erica
D:11:     layout_small_grid, amcnicky_mini_pool_small
D:12:     layout_roguey, erik_orc_4, serial_corexii_hall,
          corexii_hall_statues_i, corexii_hall_statues_x
Lair:1:   layout_cave_shapes, hangedman_tree_tricks, beast_lair_carwin_8,
          lemuel_fruit_tree
Lair:2:   layout_misc_corridors, spider_nest_entry_a, uniq_sonja
Lair:3:   layout_misc_corridors, grunt_megastairs_1
Lair:4:   layout_cave_pods, elwin_shoals_entry_rocks
Lair:5:   layout_cellular_growth, slime_dummy, lemuel_fruit_fields
Lair:6:   grunt_lair_end_beastmaster, layout_hall_layers, pond

Skill      XL: |  1  2  3  4  5  6  7  8  9 10 11 12 13 14 |
---------------+-------------------------------------------+-----
Necromancy     | 5 6 7 9 |  9.1
Spellcasting   | 2 3 4 5 6 |  6.0
Axes           | 10 12 14 | 14.8
Shields        | 1 4 |  4.3
Fighting       | 5 9 12 | 12.0
Slings         | 5 7 8 |  8.7
Invocations    | 9 |  9.6
Evocations     | 3 9 |  9.3
Armour         | 6 8 |  8.4
Dodging        | |  1.5
Stealth        | |  1.5

Action                   |  1- 3 |  4- 6 |  7- 9 | 10-12 | 13-15 || total
-------------------------+-------+-------+-------+-------+-------++-------
Melee: Unarmed           |     1 |       |       |       |       ||     1
       War axe           |       |       |    70 |   244 |   308 ||   622
       Punch             |       |       |     1 |       |       ||     1
 Fire: Hunting sling     |    62 |    69 |    46 |    93 |    33 ||   303
Throw: Javelin           |       |       |       |    15 |       ||    15
       Dart              |       |       |       |    20 |    49 ||    69
       Boomerang         |       |       |       |       |    11 ||    11
       Stone             |       |       |       |       |     3 ||     3
 Cast: Necrotize         |    42 |    77 |    82 |    26 |       ||   227
       Vampiric Draining |       |     1 |    30 |   109 |   154 ||   294
       Animate Dead      |       |       |    14 |    27 |    41 ||    82
Invok: Channel Magic     |       |       |       |       |     1 ||     1
Evoke: Wand              |       |       |       |     4 |    16 ||    20
       Box of beasts     |       |       |       |       |     1 ||     1
  Use: Scroll            |     3 |     3 |     8 |    17 |     4 ||    35
       Potion            |       |     2 |     5 |    11 |     4 ||    22
 Stab: Paralysed         |       |       |       |     2 |       ||     2
       Distracted        |       |       |       |     1 |     2 ||     3
       Petrified         |       |       |       |       |     2 ||     2
Armor: Robe              |    18 |    15 |    37 |       |       ||    70
       Skin              |       |    16 |     1 |       |       ||    17
       Ring mail         |       |       |    31 |    13 |       ||    44
       Acid dragon scale |       |       |       |   142 |   243 ||   385
Dodge: Dodged            |    42 |    46 |   151 |   213 |   240 ||   692
Block: Buckler           |       |       |     2 |    83 |   122 ||   207

Table legend: (Time is in decaauts)
 A = Elapsed time spent in this place.
 B = Non-inter-level travel time spent in this place.
 C = Inter-level travel time spent in this place.
 D = Time resting spent in this place.
 E = Time spent auto-exploring this place.
 F = Levels seen in this place.
 G = Mean time per level.
                   A        B        C        D        E       F      G
               +--------+--------+--------+--------+--------+-----+--------+
         Total |  30651 |  29442 |   1209 |  10643 |  14587 |  18 | 1702.8 |
       Dungeon |  20780 |  19899 |    881 |   8408 |   8939 |  12 | 1731.7 |
          Lair |   9871 |   9544 |    327 |   2235 |   5648 |   6 | 1645.2 |
               +--------+--------+--------+--------+--------+-----+--------+

Top non-repeatable levels by time:
  Lair:6: 3145 daAuts
     D:2: 2843 daAuts
     D:9: 2796 daAuts
     D:5: 2756 daAuts
     D:6: 2518 daAuts
     D:7: 1860 daAuts
    D:10: 1742 daAuts
  Lair:1: 1642 daAuts
     D:8: 1572 daAuts
  Lair:4: 1520 daAuts
     D:4: 1362 daAuts
  Lair:3: 1323 daAuts
     D:3: 1300 daAuts
  Lair:5: 1151 daAuts
  Lair:2: 1087 daAuts
